 Dungeon Crawl Stone Soup version 0.31-a0-506-g3d79149578 (webtiles) character file.

Game seed: 3187914063603669736

109 MacCMillion the Ruffian (level 4, -19/40 HPs)
             Began as a Troll Shapeshifter on Aug 9, 2023.
             Killed from afar by a steam dragon (26 damage)
             ... with a ball of steam
             ... on level 3 of the Dungeon.
             The game lasted 00:02:30 (1474 turns).

MacCMillion the Ruffian (Troll Shapeshifter)        Turns: 1474, Time: 00:02:31

Health: -19/40     AC:  4    Str: 25    XL:     4   Next: 60%
Magic:  3/3        EV:  9    Int:  4    God:
Gold:   130        SH:  0    Dex: 10    Spells: 3/3 levels left

rFire   . .          .
                       - Unarmed
rCold   . . .        (no shield)
rNeg    . . .        a - +0 animal skin
rPois   .            (helmet currently unavailable)
rElec   .            (cloak currently unavailable)
rCorr   .            (gloves unavailable)
SInv    .            (boots unavailable)
Will    .....        (no amulet)
Stlth   +            (no ring)
HPRegen 1.06/turn    (no ring)
MPRegen 0.08/turn

%: no passive effects
@: beast-form
A: beast (slay +2), large, unfitting armour, claws 3, regeneration 1, shaggy fur
1, tough skin 1
a: Begin Untransformation


You were on level 3 of the Dungeon.
You were a hulking beast.
You visited 1 branch of the dungeon, and saw 3 of its levels.

You collected 130 gold pieces.

Inventory:

Missiles
 k - 6 atropa-tipped darts
 l - 4 large rocks
Armour
 a - a +0 animal skin (worn)
Jewellery
 j - a ring of ice
 m - a ring of protection from fire
Talismans
 c - a beast talisman (active)
 d - a flux talisman
Scrolls
 e - a scroll of amnesia {unknown}
 f - a scroll of brand weapon {unknown}
 g - a scroll of identify {unknown}
 h - a scroll of blinking {unknown}
 i - a scroll of poison {unknown}
Potions
 b - 3 potions of lignification
 n - a potion of brilliance {unknown}


   Skills:
 - Level 0.7 Fighting
 - Level 1.5 Dodging
 + Level 5.4 Unarmed Combat
 - Level 3.0 Shapeshifting


You had 3 spell levels left.
You didn't know any spells.
Your spell library contained the following spells:

 Spells                   Type           Power      Damage    Failure   Level
 Kiss of Death            Conj/Necr      0%         2d5       50%         1
 Confusing Touch          Hex            0%         N/A       86%         3
 Vhi's Electric Charge    Tloc/Air       0%         N/A       86%         3
 Animate Armour           Summ/Erth      0%         N/A       99%         4
 Dispel Undead            Necr           0%         3d6       99%         4
 Summon Lightning Spire   Summ/Air       0%         N/A       99%         4
 Arcjolt                  Conj/Air       0%         1d10      100%        5
 Lee's Rapid Deconstruct  Erth           0%         3d4*      100%        5
 Maxwell's Capacitive Co  Air            0%         ∞         100%        8


Dungeon Overview and Level Annotations

Branches:
Dungeon (3/15)

Altars:


Innate Abilities, Weirdness & Mutations

You are a hulking beast.
Your limbs bulge with bestial killing power. (Slay +2)
You are too large for most types of armour.
You have claws for hands.
Your natural rate of healing is unusually fast.
You are covered in fur. (AC +1)
You have tough skin. (AC +1)


Message History

You scratch the orc.
The orc is heavily wounded.
The orc hits you but does no damage.
You claw the orc!
You kill the orc!
A steam dragon comes into view.
The steam dragon hisses angrily.
You scratch the orc but do no damage. The orc barely misses you.
You claw the orc!
You kill the orc!
The goblin hits you but does no damage. The goblin barely misses you.
The goblin barely misses you.
You barely miss the goblin. The goblin closely misses you.
You closely miss the goblin. You scratch the goblin.
You kill the goblin!
The steam dragon breathes steam at you. The ball of steam hits you!
You are engulfed in a cloud of scalding steam.
The steam dragon barely misses you.
The steam dragon claws you but does no damage.
Items here: )))))) [ †††††.
You completely miss the steam dragon.
You are engulfed in a cloud of scalding steam.
The steam dragon bites you!
* * * LOW HITPOINT WARNING * * *
The steam dragon claws you but does no damage.
You claw the steam dragon!
The steam dragon is moderately wounded.
You are engulfed in a cloud of scalding steam.
* * * LOW HITPOINT WARNING * * *
The steam dragon misses you.
The steam dragon claws you but does no damage.
You scratch the steam dragon.
The steam dragon is heavily wounded.
The steam dragon breathes steam at you. The ball of steam hits you!!
Ouch! That really hurt!
You die...

.. . ... .# ##
##.##.##. ...
........ ....
.....# ..... ....
#....####.#
#....Dh.§§# #
#...#####.#.##.##
#. #<..<....
######.##


You could see a steam dragon (catching breath).

Vanquished Creatures
  3 gnolls (D:2)
  An adder (D:2)
  A worm (D:2)
  2 dart slugs
  5 orcs (D:3)
  2 endoplasms (D:2)
  2 giant cockroaches
  6 goblins
  3 hobgoblins (D:1)
  9 jackals (D:1)
  3 kobolds
  3 quokkas
  8 ball pythons
  4 bats
  2 frilled lizards (D:1)
  2 rats
56 creatures vanquished.

Notes
Turn   | Place    | Note
-------+----------+-------------------------------------------
     0 | D:1      | MacCMillion the Troll Shapeshifter began the quest for the
                  | Orb.
     0 | D:1      | Reached XP level 1. HP: 18/18 MP: 0/0
    39 | D:1      | Reached XP level 2. HP: 26/26 MP: 1/1
   206 | D:1      | Reached skill level 4 in Unarmed Combat
   327 | D:1      | Reached XP level 3. HP: 32/32 MP: 2/2
   849 | D:2      | Reached skill level 5 in Unarmed Combat
   849 | D:2      | Reached XP level 4. HP: 21/40 MP: 3/3
  1462 | D:3      | Noticed a steam dragon
  1474 | D:3      | Killed from afar by a steam dragon

Illustrated notes

Levels and vault maps discovered:
D:1:      erik_arrival_triangle_small, layout_rooms, serial_bayou_lagoon_b
D:2:      minmay_spotlight, layout_loops_ring
D:3:      layout_loops_cross, nicolae_vehumet_altar_sigil,
          chequers_ecumenical_altar_twisty, roderic_three_in_a_row

Skill      XL: |  1  2  3 |
---------------+----------+-----
Unarmed Combat | 4 5 |  5.4
Fighting       | |  0.7
Dodging        | |  1.5
Shapeshifting  | |  3.0

Action                     |  1- 3 |  4- 6 || total
---------------------------+-------+-------++-------
  Melee: Unarmed           |    70 |    48 ||   118
         Punch             |     1 |     2 ||     3
 Armour: Animal skin       |    27 |     9 ||    36
  Dodge: Dodged            |    42 |    16 ||    58

Table legend: (Time is in decaauts)
 A = Elapsed time spent in this place.
 B = Non-inter-level travel time spent in this place.
 C = Inter-level travel time spent in this place.
 D = Time resting spent in this place.
 E = Time spent auto-exploring this place.
 F = Levels seen in this place.
 G = Mean time per level.
                   A        B        C        D        E       F      G
               +--------+--------+--------+--------+--------+-----+--------+
         Total |   1463 |   1381 |     82 |    113 |    985 |   3 |  487.7 |
       Dungeon |   1463 |   1381 |     82 |    113 |    985 |   3 |  487.7 |
               +--------+--------+--------+--------+--------+-----+--------+

Top non-repeatable levels by time:
     D:2: 814 daAuts
     D:1: 622 daAuts
     D:3: 26 daAuts
